 Dungeon Crawl Stone Soup version 0.18.1-48-g4cf74bf (webtiles) character file.

95 Neosonic97 the Skirmisher (level 4, -13/38 HPs)
             Began as a Draconian Transmuter on Sept 8, 2016.
             Mangled by a gnoll
             ... wielding a +0 halberd
              (16 damage)
             ... on level 2 of the Dungeon.
             The game lasted 00:04:30 (1852 turns).

Neosonic97 the Skirmisher (Draconian Transmuter)    Turns: 1852, Time: 00:04:30

Health: -13/38     AC:  5    Str: 13    XL:     4   Next: 39%
Magic:  7/7        EV: 13    Int: 14    God:
Gold:   116        SH:  0    Dex: 11    Spells: 1 memorised, 6 levels left

rFire  . . .     SeeInvis .       - Unarmed
rCold  . . .     Gourm    .     (armour unavailable)
rNeg   . . .     Faith    .     (no shield)
rPois  .         Spirit   .     (helmet restricted)
rElec  .         Dismiss  .     (no cloak)
rCorr  .         Reflect  .     (no gloves)
SustAt .         Harm     .     (boots currently unavailable)
MR     .....                    (no amulet)
Stlth  +.........               (no ring)
                                (no ring)

@: appendage (expiring), not resistant to hostile enchantments, very unstealthy
A: unfitting armour, talons 3, cold-blooded, AC +5
a: End Transformation


You were on level 2 of the Dungeon.
You were not hungry.
You had grown temporary talons.
You visited 1 branch of the dungeon, and saw 2 of its levels.

You collected 116 gold pieces.

Inventory:

Missiles
 a - 12 arrows
Scrolls
 e - a scroll of noise {unknown}
 f - 2 scrolls of remove curse {unknown}
 g - a scroll of recharging {unknown}
 j - a scroll of fog {unknown}
 l - a scroll of identify {unknown}
Potions
 d - a potion of berserk rage {unknown}
 h - 3 potions of curing
 i - a potion of heal wounds {unknown}
Books
 b - a book of Changes

   Spells                             Type                      Level
   a - Beastly Appendage              Transmutation                1
   b - Sticks to Snakes               Transmutation                2
   c - Spider Form                    Transmutation/Poison         3
   d - Ice Form                       Ice/Transmutation            4
   e - Blade Hands                    Transmutation                5
Comestibles
 c - 3 bread rations
 k - a slice of pizza


   Skills:
 * Level 3.4 Fighting
 + Level 3.2 Dodging
 - Level 3.0 Unarmed Combat
 - Level 2.0 Spellcasting
 - Level 2.0 Transmutations


You had 6 spell levels left.
You knew the following spells:

 Your Spells              Type           Power        Failure   Level  Hunger
a - Beastly Appendage     Trmt           #.....       12%         1    ##.....


Dungeon Overview and Level Annotations

Branches:
Dungeon (2/15)

Altars:
Makhleb
Qazlal
Xom


Innate Abilities, Weirdness & Mutations

Your plain brown scales are hard (AC +5).
Your body does not fit into most forms of armour.
You are cold-blooded and may be slowed by cold attacks.
You have claws for feet.


Message History

Things that are here:
a flail; a gnoll corpse You hit the gnoll but do no damage.
You claw the gnoll.
The gnoll is moderately wounded.
The gnoll barely misses you.
You closely miss the gnoll.
The gnoll is moderately wounded.
The gnoll barely misses you.
You closely miss the gnoll. You tail-slap the gnoll.
The gnoll is heavily wounded.
Your transformation is almost over.
You hit the gnoll but do no damage.
The gnoll is heavily wounded.
The gnoll hits you with a halberd.
* * * LOW HITPOINT WARNING * * *
You hit the gnoll. Your kick misses the gnoll.
You tail-slap the gnoll, but do no damage.
The gnoll is severely wounded.
The gnoll hits you with a halberd!
You die...

## ## ..... #.. .
..... #.# # #...#
##.###### ...
........ ...
#.####.. #.#
######.####.# #g#
##............
#@###...###.######
#...............##
#####...#.#####.#
##.##.# #.##.#
#.##.# #.##.#
#.##.# #....#


You could see a gnoll.

Vanquished Creatures
  A gnoll (D:2)
  3 adders (D:2)
  An ooze (D:1)
  A worm (D:2)
  4 dart slugs (D:1)
  A giant gecko (D:2)
  A giant cockroach (D:1)
  6 goblins
  7 hobgoblins
  A quokka (D:2)
  5 bats
  6 giant newts
  2 kobolds (D:2)
  6 rats
45 creatures vanquished.

Notes
Turn   | Place    | Note
--------------------------------------------------------------
     0 | D:1      | Neosonic97 the Draconian Transmuter began the quest for the Orb.
     0 | D:1      | Reached XP level 1. HP: 16/16 MP: 3/3
   218 | D:1      | Reached XP level 2. HP: 23/24 MP: 3/5
   663 | D:1      | Reached XP level 3. HP: 27/30 MP: 4/6
  1102 | D:2      | Found a stormy altar of Qazlal.
  1143 | D:2      | Found a shimmering altar of Xom.
  1143 | D:2      | Found a burning altar of Makhleb.
  1450 | D:2      | Reached XP level 4. HP: 25/38 MP: 4/7
  1852 | D:2      | Mangled by a gnoll

Skill      XL: |  1  2  3 |
---------------+----------+-----
Dodging        | 2 3 |  3.2
Fighting       | 2 3 |  3.4
Unarmed Combat | |  3.0
Spellcasting   | |  2.0
Transmutations | |  2.0

Action                   |  1- 3 |  4- 6 || total
-------------------------+-------+-------++-------
Melee: Unarmed           |   147 |    43 ||   190
       Kick              |    11 |     6 ||    17
       Tailslap          |    10 |     4 ||    14
       Punch             |     1 |     1 ||     2
       Headbutt          |     4 |     1 ||     5
 Cast: Beastly Appendage |    29 |     6 ||    35
  Use: Potion            |       |     1 ||     1
 Stab: Sleeping          |     1 |       ||     1
  Eat: Chunk             |     2 |     2 ||     4
Armor: Skin              |    48 |     4 ||    52
Dodge: Dodged            |    82 |    29 ||   111
